 Dungeon Crawl Stone Soup version 0.15-a0-895-g19c7863 (console) character file.

75 OgreMage the Cudgeler (level 4, -5/48 HPs)
             Began as an Ogre Abyssal Knight on May 19, 2014.
             Was a Believer of Lugonu.
             Slain by an iguana (12 damage)
             ... on Level 4 of the Dungeon.
             The game lasted 00:07:07 (1426 turns).

OgreMage the Cudgeler (Ogre Abyssal Knight)         Turns: 1426, Time: 00:07:07

HP  -5/48        AC  3     Str 17      XL: 4   Next: 31%
MP   5/5         EV 10     Int 11      God: Lugonu [**....]
Gold 157         SH  0     Dex 10      Spells:  0 memorised,  3 levels left

rFire  . . .     SeeInvis +     a - +1 mace
rCold  . . .     Clarity  .     w - +0 robe
rNeg   . . .     Conserve .     (shield restricted)
rPois  .         rCorr    .     (helmet restricted)
rElec  .         rRot     .     (no cloak)
SustAb .         Spirit   .     (gloves unavailable)
rMut   .         Warding  .     (boots unavailable)
Gourm  .         Stasis   .     (no amulet)
MR     .....                    x - ring of see invisible
                                p - ring of wizardry

@: not resistant to hostile enchantments, very unstealthy
A: unfitting armour, tough skin 1
a: Depart the Abyss, Bend Space, Renounce Religion


You were on level 4 of the Dungeon.
You worshipped Lugonu.
Lugonu was pleased with you.
You were not hungry.

You visited 1 branch of the dungeon, and saw 4 of its levels.
You visited the Abyss 1 time.

You collected 157 gold pieces.

Inventory:

Hand weapons
 a - a +1,+1 mace (weapon)
Armour
 b - a +0 robe
 e - a +0 robe
 i - a +0 robe
 s - a +0 robe
 u - a +0 robe
 w - a +0 robe (worn)
Comestibles
 c - 2 meat rations
 f - 2 bread rations
 n - 2 slices of pizza
Scrolls
 d - a scroll of enchant weapon I {unknown}
 g - a scroll of teleportation {unknown}
 j - a scroll of enchant weapon II {unknown}
 k - a scroll of magic mapping {unknown}
 l - a scroll of identify {unknown}
 m - 2 scrolls of remove curse
 o - a scroll of immolation {unknown}
 t - a scroll of random uselessness {unknown}
Jewellery
 p - a ring of wizardry (left hand)
 x - a ring of see invisible (right hand)
Potions
 h - 2 potions of curing
 q - a potion of restore abilities {unknown}
 r - a potion of beneficial mutation {unknown}
 v - a potion of brilliance {unknown}


   Skills:
 - Level 4.0 Fighting
 + Level 5.4 Maces & Flails
 - Level 2.1 Dodging
 + Level 2.6 Invocations


You had 3 spell levels left.
You didn't know any spells.

Dungeon Overview and Level Annotations

Branches:
Dungeon (4/15)
 Temple: D:4-7

Altars:
Kikubaaqudgha

Annotations:
D:4 Pikel


Innate Abilities, Weirdness & Mutations

You are too large for most types of armour.
You have tough skin (AC +1).


Message History

The iguana barely misses you.
You hit the iguana but do no damage.
The iguana is moderately wounded.
The iguana bites you!
* * * LOW HITPOINT WARNING * * *
You hit the iguana but do no damage.
The iguana is moderately wounded.
The iguana bites you.
* * * LOW HITPOINT WARNING * * *
You hit the iguana.
The iguana is severely wounded.
The iguana bites you.
* * * LOW HITPOINT WARNING * * *
You hit the iguana.
The iguana is severely wounded.
The iguana misses you.
You hit the iguana.
The iguana is almost dead.
The iguana bites you!
You die...

..........#.......
#...........#.#.#
#......#.##.#.#.#
#...............#
##...#.##.#...#
#.........#<#.#
#......####.#.##
#......l.......#
#..#.#@####.#.##
#..#.#.# #.#.#
#......####.#.#
##.#.#..l.....#
#...#.####.#.#
#.###.. ...#.# #.#
######.#.# ###
#####


You could see an iguana.

Vanquished Creatures
  3 adders
  A giant mite (D:3)
  A worm (D:4)
  5 hobgoblins
  3 jackals (D:2)
  A quokka (D:2)
  2 bats
  3 giant cockroaches
  7 goblins
  5 kobolds
  7 rats
38 creatures vanquished.

Notes
Turn   | Place    | Note
--------------------------------------------------------------
     0 | Abyss:1  | OgreMage, the Ogre Abyssal Knight, began the quest for the Orb.
     0 | Abyss:1  | Reached XP level 1. HP: 24/24 MP: 1/1
    13 | D:1      | Escaped the Abyss
   295 | D:2      | Reached XP level 2. HP: 30/32 MP: 2/2
   466 | D:2      | Acquired Lugonu's second power
   475 | D:2      | Reached XP level 3. HP: 19/39 MP: 3/3
   621 | D:2      | Found an ancient bone altar of Kikubaaqudgha.
   654 | D:2      | Reached skill level 5 in Maces & Flails
  1045 | D:4      | Noticed Pikel
  1045 | D:4      | Noticed a slave
  1045 | D:4      | Noticed a slave
  1045 | D:4      | Noticed a slave
  1045 | D:4      | Noticed a slave
  1128 | D:3      | Reached XP level 4. HP: 45/48 MP: 5/5
  1426 | D:4      | Slain by an iguana

Action                   |  1- 3 |  4- 6 || total
-------------------------+-------+-------++-------
Melee: Mace              |    92 |    35 ||   127
  Use: Scroll            |     1 |       ||     1
       Potion            |     1 |       ||     1
